 Dungeon Sprint DCSS version 0.19.4-9-g45fd643 (webtiles) character file.

307 equalderp2856 the Skirmisher (level 6, -2/55 HPs)
             Began as a Mummy Fighter on Feb 18, 2017.
             Slain by a cyan ugly thing (14 damage)
             ... in the Dungeon (Sprint IX: "|||||||||||||||||||||||||||||").
             The game lasted 00:01:18 (690 turns).

equalderp2856 the Skirmisher (Mummy Fighter)         Turns: 690, Time: 00:01:19

Health: -2/55      AC:  9    Str: 24    XL:     6   Next: 16%
Magic:  6/6        EV:  8    Int:  7    God:
Gold:   0          SH: 10    Dex: 12    Spells: 0 memorised, 5 levels left

rFire  x . .     SeeInvis .     a - +0 war axe
rCold  + . .     Gourm    .     b - +0 scale mail
rNeg   + + +     Faith    .     c - +0 shield
rPois  ∞         Spirit   .     (no helmet)
rElec  .         Reflect  .     (no cloak)
rCorr  .         Harm     .     (no gloves)
MR     .....     NoTele   +     (no boots)
Stlth  ..........               (no amulet)
                                i - +2 ring of protection
                                h - +3 ring of strength

@: no status effects
A: no food or potions, fire vulnerability, cold resistance 1, negative energy
resistance 3, torment resistance, unbreathing
a: no special abilities


You were in the Dungeon.
You were not hungry.

You visited 1 branch

Inventory:

Hand Weapons
 a - a +0 war axe (weapon)
Armour
 b - a +0 scale mail (worn)
 c - a +0 shield (worn)
Jewellery
 h - a +3 ring of strength (left hand)
 i - a +2 ring of protection (right hand)
Wands
 g - a wand of lightning (7/15)
Scrolls
 d - 2 scrolls of blinking
 e - 3 scrolls of remove curse
 f - 2 scrolls of amnesia


   Skills:
 + Level 7.1 Fighting
 + Level 6.6 Axes
 + Level 5.4 Armour
 + Level 1.5 Dodging
 + Level 5.0 Shields


You had 5 spell levels left.
You didn't know any spells.

Dungeon Overview and Level Annotations

Branches:
Dungeon (1/1)

Altars:
Cheibriados
Dithmenos
Elyvilon
Fedhas
Gozag
Hepliaklqana
Kikubaaqudgha
Makhleb
Nemelex Xobeh
Okawaru
Qazlal
Ru
Sif Muna
Trog
Uskayaw
Vehumet
Xom
Yredelemnul
Zin
The Shining One
Beogh
Jiyva
Lugonu


Innate Abilities, Weirdness & Mutations

You do not eat or drink.
Your flesh is vulnerable to fire.
You are immune to poison.
Your flesh is cold resistant. (rC+)
You are immune to negative energy. (rN+++)
You are immune to unholy pain and torment.
You can survive without breathing.


Message History

Items here: ( ) ÷ † an uncursed shortbow; 19 arrows; an adder corpse; a centaur skeleton You start resting.
HP restored.
You open the door.
An ugly thing, an orc warrior, a cyclops, a crimson imp, a hungry ghost and a zombie come into view.
The crimson imp shouts!
The cyclops shouts!
You hit the orc warrior but do no damage.
The crimson imp blinks!
The orc warrior hits you with a short sword!
You closely miss the orc warrior.
The orc warrior hits you with a short sword! x2
You hit the orc warrior.
The orc warrior is lightly wounded.
You slash the cyan ugly thing!
The cyan ugly thing is moderately wounded.
The cyan ugly thing gores you!
* * * LOW HITPOINT WARNING * * *
The cyan ugly thing shocks you!
You die... ▓▓▓▓▓▓▓▓▓▓▓▓▓▓▓▓▓▓▓▓▓▓▓▓▓▓▓ .5.CZ.W.ou@))'(.[[[)|.!'.__ ▓▓▓▓▓▓▓▓▓▓▓▓▓▓▓▓▓▓▓▓▓▓▓▓▓▓▓

You could see a cyan ugly thing, a cyclops, a hungry ghost, an orc warrior and a quokka zombie.

Vanquished Creatures
  A sky beast (D)
  2 centaurs (D)
  A worker ant (D)
  2 adders (D)
  A gnoll (D)
  An ooze (D)
  A dart slug (D)
  A goblin (D)
  A hobgoblin (D)
  A frilled lizard (D)
  A jackal skeleton (D)
  A leopard gecko skeleton (D)
  A leopard gecko zombie (D)
  A rat (D)
16 creatures vanquished.

Notes
Turn   | Place    | Note
-------+----------+-------------------------------------------
     0 | D        | equalderp2856 the Mummy Fighter began the quest for the Orb.
     0 | D        | Reached XP level 1. HP: 18/18 MP: 1/1
    19 | D        | Reached XP level 2. HP: 18/25 MP: 2/2
    97 | D        | Noticed a sky beast
   105 | D        | Killed a sky beast
   105 | D        | Reached skill level 5 in Fighting
   105 | D        | Reached XP level 3. HP: 21/33 MP: 3/3
   105 | D        | Reached XP level 4. HP: 25/39 MP: 4/4
   379 | D        | Found a roughly hewn altar of Beogh.
   379 | D        | Found a snail-covered altar of Cheibriados.
   379 | D        | Found a shadowy altar of Dithmenos.
   379 | D        | Found a white marble altar of Elyvilon.
   379 | D        | Found a blossoming altar of Fedhas.
   379 | D        | Found an opulent altar of Gozag.
   380 | D        | Found a hazy altar of Hepliaklqana.
   381 | D        | Found a viscous altar of Jiyva.
   382 | D        | Found an ancient bone altar of Kikubaaqudgha.
   383 | D        | Found a corrupted altar of Lugonu.
   384 | D        | Found a burning altar of Makhleb.
   385 | D        | Found a sparkling altar of Nemelex Xobeh.
   386 | D        | Found an iron altar of Okawaru.
   387 | D        | Found a stormy altar of Qazlal.
   388 | D        | Found a sacrificial altar of Ru.
   389 | D        | Found a deep blue altar of Sif Muna.
   390 | D        | Found a bloodstained altar of Trog.
   391 | D        | Found a hide-covered altar of Uskayaw.
   392 | D        | Found a radiant altar of Vehumet.
   393 | D        | Found a shimmering altar of Xom.
   394 | D        | Found a basalt altar of Yredelemnul.
   395 | D        | Found a glowing silver altar of Zin.
   396 | D        | Found a glowing golden altar of the Shining One.
   422 | D        | Noticed a centaur
   422 | D        | Noticed a centaur
   427 | D        | Killed a centaur
   427 | D        | Reached skill level 6 in Fighting
   427 | D        | Reached skill level 5 in Axes
   427 | D        | Reached skill level 5 in Armour
   427 | D        | Reached skill level 1 in Dodging
   427 | D        | Reached XP level 5. HP: 33/47 MP: 5/5
   438 | D        | Killed a centaur
   438 | D        | Reached skill level 7 in Fighting
   438 | D        | Reached skill level 5 in Shields
   438 | D        | Reached XP level 6. HP: 21/55 MP: 6/6
   683 | D        | Noticed a cyclops
   683 | D        | Noticed a hungry ghost
   683 | D        | Noticed a cyan ugly thing
   683 | D        | Noticed an orc warrior
   690 | D        | Slain by a cyan ugly thing

Skill      XL: |  1  2  3  4  5 |
---------------+----------------+-----
Axes           | 2 4 5 6 |  6.6
Armour         | 3 4 5 |  5.4
Shields        | 4 5 |  5.0
Fighting       | 5 6 7 |  7.1
Dodging        | 1 |  1.5

Action                   |  1- 3 |  4- 6 || total
-------------------------+-------+-------++-------
Melee: War axe           |    25 |    44 ||    69
Armor: Scale mail        |     9 |    13 ||    22
Dodge: Dodged            |     5 |    12 ||    17
Block: Shield            |     8 |    15 ||    23
